 Dungeon Crawl Stone Soup version 0.28-a0-895-g6e5f11bd55 (webtiles) character file.

Game seed: 132337756181220124

112 horus123 the Conjurer (level 4, -4/24 HPs)
             Began as a Deep Elf Conjurer on Nov 22, 2021.
             Was a Believer of Fedhas.
             Slain by Crazy Yiuf (6 damage)
             ... on level 3 of the Dungeon.
             The game lasted 00:05:55 (3304 turns).

horus123 the Conjurer (Deep Elf Conjurer)           Turns: 3304, Time: 00:05:57

Health: -4/24      AC:  8    Str:  4    XL:     4   Next: 64%
Magic:  2/12       EV: 12    Int: 24    God:    Fedhas [**....]
Gold:   120        SH:  0    Dex: 13    Spells: 1/11 levels left

rFire   + . .      SeeInvis .   c - +0 short sword (protect)
rCold   . . .      Faith    .   (no shield)
rNeg    . . .      Spirit   .   a - +0 robe
rPois   .          Reflect  .   (no helmet)
rElec   .          Harm     .   (no cloak)
rCorr   .          Rampage  .   (no gloves)
Will    .....                   b - +1 pair of boots
Stlth   ++........              (no amulet)
HPRegen 0.08/turn               e - ring of protection from fire
MPRegen 0.13/turn               f - +4 ring of protection

@: invisible
A: no striking features
a: Renounce Religion, Wall of Briars


You were on level 3 of the Dungeon.
You worshipped Fedhas.
Fedhas was pleased with you.
You visited 1 branch of the dungeon, and saw 3 of its levels.

You collected 120 gold pieces.

Inventory:

Hand Weapons
 c - a +0 short sword of protection (weapon)
Armour
 a - a +0 robe (worn)
 b - a +1 pair of boots (worn)
Jewellery
 e - a ring of protection from fire (left hand)
 f - a +4 ring of protection (right hand)
 j - an amulet of guardian spirit
Scrolls
 h - 2 scrolls of brand weapon
Potions
 d - 4 potions of curing {unknown}
 g - a potion of might {unknown}
 i - a potion of haste {unknown}
 k - a potion of heal wounds {unknown}


   Skills:
 - Level 2.5 Dodging
 - Level 2.4 Stealth
 - Level 4.0 Spellcasting
 + Level 5.6 Conjurations
 - Level 3.0 Hexes


You had one spell level left.
You knew the following spells:

 Your Spells              Type           Power      Damage    Failure   Level
a - Magic Dart            Conj           100%       1d8       1%          1
b - Searing Ray           Conj           62%        2d6       1%          2
c - Dazzling Flash        Conj/Hex       50%        N/A       4%          3
d - Fulminant Prism       Conj/Hex       12%        3d9       17%         4

Your spell library contained the following spells:

 Spells                   Type           Power      Damage    Failure   Level
 Iskenderun's Mystic Bla  Conj/Tloc      18%        2d6       30%         4


Dungeon Overview and Level Annotations

Branches:
Dungeon (3/15)

Altars:
Cheibriados
Fedhas
Kikubaaqudgha
The Shining One

Shops:
D:1 :   D:2 ?

Annotations:
D:3 Crazy Yiuf


Message History

Crazy Yiuf hits you with a +2 quarterstaff of chaos!
Crazy Yiuf freezes you.
Casting: Magic Dart (safe; 1% risk of failure)
Confirm with . or Enter, or press ? or * to list all spells.
The spell is quite dangerous to cast (4% risk of failure)!
Continue anyway?
Casting: Dazzling Flash (quite dangerous; 4% risk of failure)
Press: ? - help, Dir - look around, f - activate Crazy Yiuf closely misses you.
Casting: Dazzling Flash (quite dangerous; 4% risk of failure)
Confirm with . or Enter, or press ? or * to list all spells.
Aiming: Searing Ray (safe; 1% risk of failure)
Press: ? - help, Shift-Dir - straight line, f - Crazy Yiuf
Aim: Crazy Yiuf, wielding a +2 quarterstaff of chaos and wearing a +0 cloak of willpower (82% to hit)
The searing ray hits Crazy Yiuf.
Crazy Yiuf is moderately wounded. (Press . to maintain the ray.) Crazy Yiuf barely misses you.
The searing ray hits Crazy Yiuf.
Crazy Yiuf is moderately wounded.
Crazy Yiuf barely misses you.
The searing ray hits Crazy Yiuf.
Crazy Yiuf is heavily wounded.
Crazy Yiuf hits you with a +2 quarterstaff of chaos.
You fade into invisibility!
The searing ray misses Crazy Yiuf.
You finish channelling your searing ray.
Crazy Yiuf hits you with a +2 quarterstaff of chaos.
* * * LOW HITPOINT WARNING * * *
Crazy Yiuf burns you.
* * * LOW HITPOINT WARNING * * *
Casting: Searing Ray (safe; 1% risk of failure)
Confirm with . or Enter, or press ? or * to list all spells.
Aiming: Searing Ray (safe; 1% risk of failure)
Press: ? - help, Shift-Dir - straight line, f/p - Crazy Yiuf
Aim: Crazy Yiuf, wielding a +2 quarterstaff of chaos and wearing a +0 cloak of willpower (heavily wounded, 82% to hit)
The searing ray misses Crazy Yiuf. (Press . to maintain the ray.) Crazy Yiuf hits you with a +2 quarterstaff of chaos.
You die...
Fedhas appreciates your contribution to the ecosystem.

#..###'##.....#
#..##.........#
#..##.........######
###########...'.....
#†..###### #...# #... ######
### #...# #... ##....##
###..)# #...# #...
#......####@g...# #...######
#.......#..##...# ###.#####.
#.#....#.### ### ###.###Z#.
#.######## #....####. #.#
#.#.###### #.#
##############+#'#.....
#.####........#.............
#.............#.............
######........#.............


You could see Crazy Yiuf.

Vanquished Creatures
  A mummy (D:3)
  2 worms
  7 dart slugs
  4 endoplasms
  6 giant cockroaches
  5 goblins
  6 hobgoblins
  7 jackals
  8 kobolds
  4 quokkas (D:3)
  9 ball pythons
  5 bats
  4 frilled lizards
  7 rats
75 creatures vanquished.

Vanquished Creatures (others)
  A human (D:3)
1 creature vanquished.

Grand Total: 76 creatures vanquished

Notes
Turn   | Place    | Note
-------+----------+-------------------------------------------
     0 | D:1      | horus123 the Deep Elf Conjurer began the quest for the Orb.
     0 | D:1      | Reached XP level 1. HP: 10/10 MP: 6/6
   277 | D:1      | Reached XP level 2. HP: 15/15 MP: 5/8
   476 | D:1      | Found Ukus's Book Boutique.
   627 | D:1      | Learned a level 2 spell: Searing Ray
   956 | D:1      | Reached XP level 3. HP: 19/19 MP: 5/10
   960 | D:1      | Reached skill level 5 in Conjurations
  1048 | D:1      | Learned a level 3 spell: Dazzling Flash
  1253 | D:1      | Reached skill level 1 in Hexes
  1318 | D:1      | Found a faded altar of an unknown god.
  1326 | D:1      | Prayed at the altar of an unknown god.
  1326 | D:1      | Became a worshipper of Fedhas Madash
  1326 | D:1      | Reached * piety under Fedhas
  1765 | D:2      | Found Beobi Enem's Magic Scroll Shoppe.
  2013 | D:2      | Found an ancient bone altar of Kikubaaqudgha.
  2231 | D:3      | Reached XP level 4. HP: 24/24 MP: 8/12
  2236 | D:3      | Learned a level 4 spell: Fulminant Prism
  2311 | D:3      | Found a glowing golden altar of the Shining One.
  2322 | D:3      | Reached ** piety under Fedhas
  2644 | D:3      | Found an ancient bone altar of Kikubaaqudgha.
  2645 | D:3      | Noticed a human
  2648 | D:3      | Killed a human
  2949 | D:3      | Found a snail-covered altar of Cheibriados.
  3294 | D:3      | Found a runed translucent door.
  3295 | D:3      | Noticed Crazy Yiuf
  3304 | D:3      | Slain by Crazy Yiuf

Illustrated notes

Levels and vault maps discovered:
D:1:      roderic_crop_circles_arrival_small, layout_basic,
          hellmonk_ecumenical_altar_slurped_away, serial_shops, shop
D:2:      layout_rooms, basic_altar, serial_shops, shop, hangedman_decor_lopped
D:3:      layout_basic, tgw_kikubaaqudgha, mainiacjoe_overflow_brackets,
          chei_slow_surprise, portal_sewer_entry_f, minmay_three_crescents,
          uniq_crazy_yiuf_cottage

Skill      XL: |  1  2  3  4 |
---------------+-------------+-----
Spellcasting   | 4 |  4.0
Conjurations   | 5 |  5.6
Hexes          | 2 3 |  3.0
Dodging        | |  2.5
Stealth        | |  2.4

Action                   |  1- 3 |  4- 6 || total
-------------------------+-------+-------++-------
 Cast: Magic Dart        |    99 |    48 ||   147
       Searing Ray       |       |     3 ||     3
       Dazzling Flash    |       |     1 ||     1
  Use: Scroll            |     3 |     2 ||     5
Armor: Robe              |     5 |       ||     5
Dodge: Dodged            |    11 |     4 ||    15

Table legend: (Time is in decaauts)
 A = Elapsed time spent in this place.
 B = Non-inter-level travel time spent in this place.
 C = Inter-level travel time spent in this place.
 D = Time resting spent in this place.
 E = Time spent auto-exploring this place.
 F = Levels seen in this place.
 G = Mean time per level.
                   A        B        C        D        E       F      G
               +--------+--------+--------+--------+--------+-----+--------+
         Total |   3306 |   3281 |     25 |      0 |   2872 |   3 | 1102.0 |
       Dungeon |   3306 |   3281 |     25 |      0 |   2872 |   3 | 1102.0 |
               +--------+--------+--------+--------+--------+-----+--------+

Top non-repeatable levels by time:
     D:1: 1467 daAuts
     D:3: 1151 daAuts
     D:2: 688 daAuts
